 Dungeon Crawl Stone Soup version 0.22.1-1-ga44c0e5 (webtiles) character file.

178954 imbaray the Warrior (level 17, -14/171 HPs)
             Began as a Minotaur Fighter on Nov 4, 2018.
             Was the Champion of Qazlal.
             Demolished by a wolf spider (17 damage)
             ... on level 4 of the Spider Nest.
             The game lasted 01:26:15 (26108 turns).

imbaray the Warrior (Minotaur Fighter)             Turns: 26108, Time: 01:26:17

Health: -14/171    AC: 17    Str: 24      XL:     17   Next: 59%
Magic:  1/23       EV: 13    Int:  8 (9)  God:    Qazlal [******]
Gold:   2323       SH:  0    Dex: 15      Spells: 16/16 levels left

rFire    + . .     SeeInvis .   X - +7 broad axe (elec)
rCold    + . .     Gourm    .   c - +4 shield
rNeg     . . .     Faith    .   U - +3 swamp dragon scales
rPois    +         Spirit   .   G - +2 hat
rElec    .         Reflect  +   D - +2 cloak
rCorr    .         Harm     .   q - +2 pair of gloves
MR       +....                  (no boots)
Stlth    +.........             K - +4 amulet of reflection
HPRegen  0.38/turn              t - ring of protection from cold
MPRegen  0.18/turn              F - ring of protection from fire

@: confused, agile, lethally poisoned (-14 -> -16), protected from physical
damage, corroded, held, repel missiles
A: retaliatory headbutt, horns 2, iridescent scales 1, robust 1
a: Upheaval, Elemental Force, Disaster Area, Renounce Religion


You were on level 4 of the Spider Nest.
You worshipped Qazlal.
Qazlal was exalted by your worship.
You were hungry.

You visited 4 branches of the dungeon, and saw 27 of its levels.
You also visited: Sewer.

You collected 2627 gold pieces.
You spent 304 gold pieces at shops.

Inventory:

Hand Weapons
 v - the +7 whip of Anxiety {flame, Str+2 Int-5 Dex+4}
   (You found it on level 5 of the Dungeon)

   It has been specially enchanted to burn those struck by it, causing extra
   injury to most foes and up to half again as much damage against particularly
   susceptible opponents.
   It affects your strength (+2).
   It affects your intelligence (-5).
   It affects your dexterity (+4).
 V - the +1 mace of Discord {crush, rC+ Str+4}
   (You bought it in a shop on level 2 of the Orcish Mines)

   It inflicts extra damage upon your enemies.
   It affects your strength (+4).
   It protects you from cold.
 X - a +7 broad axe of electrocution (weapon)
Armour
 c - a +4 shield (worn)
 q - a +2 pair of gloves (worn)
 D - a +2 cloak (worn)
 G - a +2 hat (worn)
 U - +3 swamp dragon scales (worn)
Jewellery
 t - a ring of protection from cold (left hand)
 x - an uncursed amulet of the acrobat
 F - a ring of protection from fire (right hand)
 K - a +4 amulet of reflection (around neck)
 M - an uncursed ring of resist corrosion
Wands
 a - a wand of paralysis (8)
 i - a wand of digging (15)
 j - a wand of disintegration (29)
 s - a wand of acid (17)
 y - a wand of iceblast (18)
 B - a wand of clouds (8)
 H - a wand of scattershot (10)
 J - a wand of flame (42)
 Y - a wand of enslavement (10)
Scrolls
 b - a scroll of brand weapon
 e - 10 scrolls of teleportation
 h - 2 scrolls of blinking
 k - 16 scrolls of remove curse
 l - 2 scrolls of fear
 m - a scroll of immolation {unknown}
 r - a scroll of enchant armour
 S - 4 scrolls of identify
Potions
 d - 4 potions of might
 g - 5 potions of flight
 n - 8 potions of curing
 o - a potion of heal wounds
 p - 7 potions of brilliance
 u - 2 potions of berserk rage
 w - 4 potions of cancellation
 z - a potion of magic
 A - 3 potions of agility
 I - 2 potions of invisibility
 O - 5 potions of lignification
 T - 3 potions of haste
Miscellaneous
 L - a crystal ball of energy
Comestibles
 f - 35 rations


   Skills:
 + Level 15.5 Fighting
 - Level 8.8(12.7) Axes
 + Level 14.6(15.4) Maces & Flails
 + Level 15.5 Armour
 + Level 14.0 Dodging
 - Level 0.3 Stealth
 - Level 13.0 Shields
 - Level 10.5 Invocations
 * Level 6.3 Evocations


You had 16 spell levels left.
You didn't know any spells.
Your spell library contained the following spells:

 Spells                   Type           Power        Failure   Level  Hunger
 Animate Skeleton         Necr           N/A          58%         1    ##.....
 Apportation              Tloc           #.....       58%         1    ##.....
 Confusing Touch          Hex            #.....       58%         1    ##.....
 Freeze                   Ice            #...         58%         1    ##.....
 Infusion                 Chrm           #...         58%         1    ##.....
 Magic Dart               Conj           #...         58%         1    ##.....
 Summon Small Mammal      Summ           #...         58%         1    ##.....
 Blink                    Tloc           N/A          75%         2    ###....
 Call Imp                 Summ           #.......     75%         2    ###....
 Shroud of Golubria       Chrm/Tloc      #.........   75%         2    ###....
 Slow                     Hex            #.......     75%         2    ###....
 Song of Slaying          Chrm           #.......     75%         2    ###....
 Throw Frost              Conj/Ice       #.....       75%         2    ###....
 Confuse                  Hex            #.......     92%         3    ####...
 Conjure Flame            Conj/Fire      #.......     92%         3    ####...
 Gell's Gravitas          Tloc           #.........   92%         3    ####...
 Mephitic Cloud           Conj/Pois/Air  #.......     92%         3    ####...
 Ozocubu's Armour         Chrm/Ice       #.......     92%         3    ####...
 Recall                   Summ/Tloc      N/A          92%         3    ####...
 Regeneration             Chrm/Necr      #.........   92%         3    ####...
 Spectral Weapon          Hex/Chrm       #.......     92%         3    ####...
 Animate Dead             Necr           N/A          100%        4    #####..
 Petrify                  Tmut/Erth      #.......     100%        4    #####..
 Summon Ice Beast         Ice/Summ       #.......     100%        4    #####..
 Throw Icicle             Conj/Ice       #.......     100%        4    #####..
 Aura of Abjuration       Summ           #.........   100%        5    ######.
 Borgnjor's Vile Clutch   Necr/Erth      #.........   100%        5    ######.
 Metabolic Englaciation   Hex/Ice        #.........   100%        5    ######.
 Summon Demon             Summ           #.........   100%        5    ######.
 Summon Forest            Summ/Tloc      #.........   100%        5    ######.
 Summon Mana Viper        Hex/Summ       #.......     100%        5    ######.
 Yara's Violent Unravell  Hex/Tmut       #.........   100%        5    ######.
 Death Channel            Necr           #.........   100%        6    #######
 Shadow Creatures         Summ           N/A          100%        6    #######
 Simulacrum               Ice/Necr       #.........   100%        6    #######


Dungeon Overview and Level Annotations

Branches:
Dungeon (15/15)            Temple (0/1) D:5            Lair (6/6) D:10
  Swamp (0/4) Lair:3       Spider (4/4) Lair:3        Slime (0/5) Lair:6
    Orc (2/2) D:11            Elf (0/3) Orc:2        Vaults (0/5) D:13
 Depths (0/5) D:15

Altars:
Elyvilon
Fedhas
Gozag
Hepliaklqana
Makhleb
Qazlal
Trog
Uskayaw
Vehumet
Wu Jian
Zin
Beogh
Jiyva

Shops:
D:4 =   D:15 [   Orc:1 *   Orc:2 [}(*

Annotations:
Spider:4 Arachne


Innate Abilities, Weirdness & Mutations

You reflexively headbutt those who attack you in melee.
You have a pair of horns on your head.
You are partially covered in iridescent scales. (AC +2)
You are robust. (+10% HP)


Message History

* * * LOW HITPOINT WARNING * * *
The wolf spider barely misses you.
The redback is engulfed in freezing vapours.
The wolf spider is engulfed in freezing vapours.
The wolf spider hits you!
* * * LOW HITPOINT WARNING * * *
You feel more protected from physical attacks.
The wolf spider bites you but does no damage.
The demonic crawler is engulfed in freezing vapours.
Arachne is engulfed in freezing vapours.
Arachne's staff shoots out a stream of webbing.
The stream of webbing hits you!
You are even more entangled.
The wolf spider hits you but does no damage.
The wolf spider barely misses you.
The wolf spider hits you but does no damage.
The wolf spider bites you but does no damage.
The entropy weaver barely misses you.
The entropy weaver hits you but does no damage. x2
The entropy weaver misses you. The wolf spider hits you!
You die...

...... .....##
.#............#
.)^.#..#......##
.......#.#.....#
.........(....^.
#.......s.s.....
.....^ssss§.....
..#.#ssHsss.s..
#^..yss@#.....
....^s{#as§..s#
#....^.s#§....#
....#... ^.#.##
^....... ... #
#......# ^...
....... ....#
..... .#..#


You could see Arachne, an emperor scorpion, an entropy weaver, 2 demonic
crawlers, 5 wolf spiders, a moth of wrath, 2 orb spiders, a jumping spider, 4
tarantellas and 3 redbacks.

Vanquished Creatures
  Gastronok (Lair:3)
  Kirke (Lair:5)
  2 emperor scorpions
  A ghost moth (Spider:3)
  An orc warlord (Orc:2)
  The ghost of DrakeDragon the Spear-Bearer, a journeyman OpMo of the Shining One (D:15)
  A minotaur (D:15)
  Snorg (D:14)
  A fire dragon (Lair:6)
  Fannar (Lair:2)
  2 ogre magi (D:15)
  3 hydras
  Harold (D:9)
  4 centaur warriors
  12 two-headed ogres
  3 tengu warriors
  A queen ant (D:8)
  A death yak (Lair:3)
  Urug (D:11)
  5 orc high priests (Orc:2)
  A deep elf knight (D:13)
  Nergalle (D:12)
  5 skeletal warriors
  A swamp dragon (Lair:6)
  2 unseen horrors (D:14)
  7 orb spiders
  6 deep elf magi
  12 ugly things
  8 orc knights
  An orc sorcerer (D:15)
  21 wolf spiders
  4 cyclopes
  A manticore (D:13)
  2 moths of wrath (Spider:3)
  Joseph (D:9)
  2 naga magi (D:15)
  4 elephants (Lair:6)
  13 black mambas
  A guardian serpent (Lair:6)
  5 centaur skeletons
  16 spiny frogs
  A torpor snail (Spider:3)
  3 rime drakes
  An efreet (D:15)
  A freezing wraith (D:15)
  8 demonic crawlers
  2 tengu conjurers (D:15)
  2 polar bears
  7 komodo dragons
  3 trolls
  32 jumping spiders
  Grinder (D:6)
  Prince Ribbit (D:5)
  4 hornets
  A meliai zombie (D:15)
  A blink frog (shapeshifter) (D:15)
  6 slime creatures (D:14)
  19 blink frogs
  8 hippogriffs
  63 redbacks
  3 spriggans
  Sigmund (D:6)
  18 yaks
  3 shadows
  20 tarantellas
  3 water elementals (D:15)
  A wraith (D:10)
  2 vampires
  3 hogs (Lair:5)
  8 basilisks
  Grum (D:11)
  10 wyverns
  A hungry ghost (D:10)
  A steam dragon (D:11)
  4 vampire mosquitoes (D:13)
  Menkaure (D:4)
  2 wargs (Orc:2)
  4 acid dragons
  20 soldier ants (D:8)
  21 water moccasins
  A porcupine (shapeshifter) (D:15)
  2 sky beasts
  Duvessa (D:6)
  11 porcupines
  38 orc warriors
  A swamp drake (Lair:6)
  13 ice beasts
  4 black bears
  2 hornet zombies
  4 phantoms
  3 boggarts (D:15)
  21 ogres
  An eye of draining (D:12)
  10 wolves
  14 centaurs
  12 crocodiles
  4 big kobolds
  15 bullfrogs
  A gnoll sergeant (D:9)
  3 wyvern skeletons
  3 scorpions
  Dowan (D:6)
  8 killer bees
  5 howler monkeys
  9 wights
  2 electric eels
  3 centaur zombies
  9 crimson imps
  2 bullfrog zombies
  2 quasits
  8 jellies
  Crazy Yiuf (D:6)
  6 bullfrog skeletons
  30 orc priests
  4 gnoll shamans (D:7)
  14 hounds
  7 iguanas
  27 worker ants
  26 orc wizards
  A killer bee zombie (D:7)
  A hound skeleton (D:7)
  2 worker ant zombies
  16 adders
  14 gnolls
  A howler monkey skeleton (D:7)
  4 river rats
  4 shadow imps
  2 adder skeletons
  3 worms
  A dart slug (D:1)
  2 leopard geckos
  84 orcs
  5 giant cockroaches
  8 goblins
  6 hobgoblins
  18 jackals
  2 quokkas
  9 ball pythons
  8 bats
  6 frilled lizards
  35 kobolds
  32 rats
1041 creatures vanquished.

Vanquished Creatures (collateral kills)
  An orc knight (Orc:2)
  An orc warrior (Orc:2)
  An orc priest (Orc:2)
  2 orcs (Orc:2)
5 creatures vanquished.

Vanquished Creatures (others)
  2 centaur warriors
  2 boggarts (D:15)
  23 fungi
  30 plants
57 creatures vanquished.

Grand Total: 1103 creatures vanquished

Notes
Turn   | Place    | Note
-------+----------+-------------------------------------------
     0 | D:1      | imbaray the Minotaur Fighter began the quest for the Orb.
     0 | D:1      | Reached XP level 1. HP: 19/19 MP: 0/0
   195 | D:1      | Reached XP level 2. HP: 25/27 MP: 1/1
   483 | D:1      | Reached XP level 3. HP: 33/33 MP: 2/2
   830 | D:2      | Found a faded altar of an unknown god.
   840 | D:2      | Became a worshipper of Qazlal Stormbringer
   840 | D:2      | Reached * piety under Qazlal
  1116 | D:2      | Reached XP level 4. HP: 40/40 MP: 3/3
  1236 | D:3      | Found a hide-covered altar of Uskayaw.
  1263 | D:3      | Found a glowing drain.
  1280 | Sewer    | Entered a sewer
  1350 | Sewer    | Reached skill level 1 in Dodging
  1360 | Sewer    | Reached ** piety under Qazlal
  1375 | Sewer    | Gained mutation: You are partially covered in iridescent
                  | scales. (AC +2) [potion of mutation]
  1375 | Sewer    | Gained mutation: You are robust. (+10% HP) [potion of
                  | mutation]
  1502 | Sewer    | Reached XP level 5. HP: 18/51 MP: 4/4
  1914 | D:3      | Reached skill level 5 in Axes
  1933 | D:3      | Reached skill level 5 in Shields
  2338 | D:3      | Reached XP level 6. HP: 58/58 MP: 5/5
  2719 | D:4      | Noticed Menkaure
  2736 | D:4      | Killed Menkaure
  2746 | D:4      | Reached skill level 5 in Fighting
  2843 | D:4      | Reached XP level 7. HP: 59/67 MP: 6/6
  2886 | D:4      | Found Egoc's Jewellery Emporium.
  2917 | D:4      | Reached *** piety under Qazlal
  3266 | D:5      | Entered Level 5 of the Dungeon
  3329 | D:5      | Reached skill level 5 in Armour
  3545 | D:5      | Found a hazy altar of Hepliaklqana.
  3545 | D:5      | Found a stormy altar of Qazlal.
  3600 | D:5      | Found a staircase to the Ecumenical Temple.
  3617 | D:5      | Reached XP level 8. HP: 74/74 MP: 7/7
  3712 | D:5      | Found an ornate altar of the Wu Jian Council.
  3718 | D:5      | Noticed Prince Ribbit
  3728 | D:5      | Killed Prince Ribbit
  4050 | D:5      | Found a glowing silver altar of Zin.
  4051 | D:5      | Noticed an angel
  4088 | D:5      | Found a blossoming altar of Fedhas.
  4124 | D:5      | Got a scorched whip
  4125 | D:5      | Identified the +7 whip of Anxiety {flame, Str+2 Int-5
                  | Dex+4} (You found it on level 5 of the Dungeon)
  4278 | D:6      | Reached skill level 1 in Maces & Flails
  4282 | D:6      | Noticed Duvessa
  4284 | D:6      | Noticed Dowan
  4291 | D:6      | Killed Dowan
  4300 | D:6      | Killed Duvessa
  4335 | D:6      | Reached **** piety under Qazlal
  4338 | D:6      | Noticed Sigmund
  4345 | D:6      | Killed Sigmund
  4345 | D:6      | Reached XP level 9. HP: 80/85 MP: 8/8
  4455 | D:6      | Noticed Grinder
  4460 | D:6      | Paralysed by Grinder for 4 turns
  4465 | D:6      | Killed Grinder
  4603 | D:6      | Found a runed door.
  4871 | D:6      | Found a white marble altar of Elyvilon.
  4959 | D:6      | Noticed Crazy Yiuf
  4962 | D:6      | Killed Crazy Yiuf
  5541 | D:7      | Reached skill level 5 in Dodging
  5558 | D:7      | Got a transparent long sword
  5559 | D:7      | Identified the +3 long sword "Ulonwist" {pain, *Rage rN++}
                  | (You found it on level 7 of the Dungeon)
  5600 | D:7      | Reached ***** piety under Qazlal
  5665 | D:7      | Reached skill level 5 in Maces & Flails
  5805 | D:8      | Reached XP level 10. HP: 96/96 MP: 9/9
  5911 | D:8      | Noticed a queen ant
  5933 | D:8      | Killed a queen ant
  6357 | D:8      | Reached skill level 10 in Shields
  6491 | D:8      | Got a smelly leather armour
  6502 | D:8      | Identified the cursed +1 leather armour of the Hippo {MR-
                  | Str+5} (You found it on level 8 of the Dungeon)
  6718 | D:8      | Found a radiant altar of Vehumet.
  6719 | D:8      | Found a burning altar of Makhleb.
  6832 | D:8      | Noticed a moth of wrath
  6834 | D:8      | Found a bloodstained altar of Trog.
  7075 | D:9      | Noticed Joseph
  7091 | D:9      | Killed Joseph
  7091 | D:9      | Reached XP level 11. HP: 91/106 MP: 10/10
  7114 | D:9      | Reached skill level 1 in Invocations
  7197 | D:9      | Noticed Harold
  7202 | D:9      | Noticed a two-headed ogre
  7209 | D:9      | Killed Harold
  7216 | D:9      | Killed a two-headed ogre
  7550 | D:10     | Entered Level 10 of the Dungeon
  7583 | D:10     | Reached ****** piety under Qazlal
  7984 | D:10     | Found a staircase to the Lair.
  8379 | D:11     | Found a staircase to the Orcish Mines.
  8387 | D:11     | Found a roughly hewn altar of Beogh.
  8403 | D:11     | Reached skill level 10 in Armour
  8460 | D:11     | Reached skill level 10 in Fighting
  8505 | D:11     | Noticed Urug
  8521 | D:11     | Killed Urug
  8542 | D:11     | Noticed Grum
  8566 | D:11     | Killed Grum
  9249 | D:12     | Noticed a red ugly thing
  9256 | D:12     | Noticed a white ugly thing
  9263 | D:12     | Noticed Nergalle
  9266 | D:12     | Killed a red ugly thing
  9271 | D:12     | Reached XP level 12. HP: 98/117 MP: 12/14
  9346 | Lair:1   | Entered Level 1 of the Lair of Beasts
 10114 | Lair:2   | Noticed Fannar
 10130 | Lair:2   | Killed Fannar
 10436 | Lair:2   | Reached skill level 5 in Invocations
 11176 | Lair:3   | Found a frozen archway.
 11298 | Lair:3   | Found a hole to the Spider Nest.
 11343 | Lair:3   | Noticed Gastronok
 11369 | Lair:3   | Killed Gastronok
 11369 | Lair:3   | Reached skill level 10 in Maces & Flails
 11470 | Lair:3   | Reached XP level 13. HP: 118/127 MP: 16/16
 11589 | Lair:3   | Found a staircase to the Swamp.
 13140 | Lair:5   | Noticed Kirke
 13181 | Lair:5   | Killed Kirke
 13181 | Lair:5   | Reached skill level 10 in Dodging
 14289 | Lair:6   | Entered Level 6 of the Lair of Beasts
 14813 | Lair:6   | Reached XP level 14. HP: 139/139 MP: 18/18
 15914 | Lair:6   | Found a viscous altar of Jiyva.
 15915 | Lair:6   | Found a staircase to the Slime Pits.
 16027 | Spider:1 | Entered Level 1 of the Spider Nest
 16877 | Spider:1 | Noticed an emperor scorpion
 16898 | Spider:1 | Killed an emperor scorpion
 17634 | Orc:1    | Entered Level 1 of the Orcish Mines
 17688 | Orc:1    | Found Estie's General Store.
 18067 | Orc:2    | Entered Level 2 of the Orcish Mines
 18067 | Orc:2    | Found a staircase to the Elven Halls.
 18121 | Orc:2    | Found a dark tunnel.
 18178 | Orc:2    | Noticed an orc warlord
 18207 | Orc:2    | Killed an orc warlord
 18840 | Orc:2    | Reached XP level 15. HP: 88/150 MP: 20/20
 19557 | Orc:2    | Found Doucasu's Armour Shop.
 19560 | Orc:2    | Found Kairyf's General Store.
 19561 | Orc:2    | Found Felas's Gadget Shop.
 19562 | Orc:2    | Found Alit's Antique Weapon Boutique.
 19566 | Orc:2    | Bought 3 scrolls of identify for 96 gold pieces
 19568 | Orc:2    | Bought a shimmering mace for 208 gold pieces
 19573 | Orc:2    | Identified the cursed +1 mace of Discord {crush, rC+ Str+4}
                  | (You bought it in a shop on level 2 of the Orcish Mines)
 20613 | Spider:2 | Reached XP level 16. HP: 160/160 MP: 22/22
 20616 | Spider:2 | Identified a scroll of acquirement
 21051 | Spider:3 | Reached skill level 10 in Invocations
 22070 | D:12     | Killed Nergalle
 22680 | D:13     | Reached skill level 1 in Evocations
 23155 | D:13     | Found a gate to the Vaults.
 23365 | D:14     | Found an opulent altar of Gozag.
 23564 | D:14     | Reached XP level 17. HP: 162/169 MP: 23/23
 23647 | D:14     | Noticed Snorg
 23654 | D:14     | Killed Snorg
 23654 | D:14     | Reached skill level 15 in Fighting
 23705 | D:14     | Reached skill level 15 in Armour
 24094 | D:15     | Entered Level 15 of the Dungeon
 24095 | D:15     | Found a runed gate.
 24095 | D:15     | Found a runed gate.
 24095 | D:15     | Found a runed gate.
 24101 | D:15     | Noticed DrakeDragon's ghost (journeyman OpMo)
 24123 | D:15     | Killed DrakeDragon's ghost
 24426 | D:15     | Reached skill level 5 in Evocations
 24660 | D:15     | Found a staircase to the Depths.
 24996 | D:15     | Found a white marble altar of Elyvilon.
 25264 | D:15     | Found Maxt's Armour Shoppe.
 26085 | Spider:4 | Entered Level 4 of the Spider Nest
 26089 | Spider:4 | Noticed Arachne
 26108 | Spider:4 | HP: 3/171 [wolf spider (17)]
 26108 | Spider:4 | Demolished by a wolf spider

Skill      XL: |  1  2  3  4  5  6  7  8  9 10 11 12 13 14 15 16 17 |
---------------+----------------------------------------------------+-----
Fighting       | 4 5 6 7 9 10 11 12 13 14 15 | 15.5
Armour         | 4 5 6 7 9 10 11 12 13 14 15 | 15.5
Shields        | 4 5 6 7 8 10 11 12 13 | 13.0
Axes           | 3 4 5 6 8 |  8.8
Dodging        | 1 3 5 6 8 9 10 11 12 13 14 | 14.0
Maces & Flails | 2 5 7 8 10 11 12 13 14 | 14.6
Invocations    | 4 6 7 9 10 | 10.5
Evocations     | 3 6 |  6.3
Stealth        | |  0.3

Action                   |  1- 3 |  4- 6 |  7- 9 | 10-12 | 13-15 | 16-18 || total
-------------------------+-------+-------+-------+-------+-------+-------++-------
Melee: War axe           |    86 |   153 |   137 |       |       |       ||   376
       Headbutt          |    13 |    16 |    70 |   187 |   310 |    97 ||   693
       Whip              |       |       |   201 |   790 |  1148 |       ||  2139
       Broad axe         |       |       |       |       |   115 |   531 ||   646
Invok: Elemental Force   |       |       |       |       |     2 |       ||     2
       Disaster Area     |       |       |       |       |     3 |     3 ||     6
Evoke: Wand              |       |       |       |       |     1 |     2 ||     3
  Use: Potion            |       |     5 |       |       |     5 |    10 ||    20
       Scroll            |       |     1 |    11 |    10 |    19 |     7 ||    48
 Stab: Invisible         |       |       |       |       |     3 |       ||     3
  Eat: Chunk             |       |     6 |    10 |    16 |     8 |     5 ||    45
       Ration            |       |       |       |     1 |     7 |     3 ||    11
Armor: Scale mail        |    36 |    56 |    54 |   108 |    84 |       ||   338
       Swamp dragon scal |       |       |       |       |    76 |   209 ||   285
Dodge: Dodged            |    22 |    64 |    73 |   148 |   333 |   251 ||   891
       Deflected         |       |       |     2 |     2 |     3 |    11 ||    18
Block: Shield            |    54 |   138 |   220 |   491 |  1065 |   689 ||  2657
       Reflection        |       |       |       |       |       |    29 ||    29
